 Dungeon Crawl Stone Soup version 0.30-b1-2-g02819fbbbe (webtiles) character file.

Game seed: 3219573412297802744

18198 liberator the Severer (level 12, -7/108 HPs)
             Began as a Minotaur Berserker on Dec 30, 2023.
             Was an Elder of Trog.
             Mangled by an entropy weaver (12 damage)
             ... on level 1 of the Spider Nest.
             The game lasted 00:54:20 (12025 turns).

liberator the Severer (Minotaur Berserker)         Turns: 12025, Time: 00:54:20

Health: -7/108     AC:  2    Str: 33    XL:     12   Next: 25%
Magic:  0/11       EV: 11    Int:  3    God:    Trog [****..]
Gold:   626        SH:  4    Dex: 10    Spells: 11/11 levels left

rFire   + . .        u - +9 hand axe of Hele {flame, Str+3}
rCold   + + .        (no shield)
rNeg    . . .        v - +5 ring mail
rPois   +            (helmet restricted)
rElec   +            x - +1 cloak
rCorr   +            C - +2 pair of gloves
SInv    .            (no boots)
Will    .....        H - amulet of guardian spirit Stlth
                     d - ring of protection from cold
HPRegen 0.38/turn    (no ring)
MPRegen 0.12/turn

%: guardian spirit
@: lethally poisoned (-7 -> -31), resistant, corroded, studying Long Blades
A: horns 2, retaliatory headbutt, large bone plates 1, strong 1
a: Renounce Religion, Berserk, Trog's Hand, Brothers in Arms


You were on level 1 of the Spider Nest.
You worshipped Trog.
Trog was greatly pleased with you.
You visited 4 branches of the dungeon, and saw 14 of its levels.

You collected 680 gold pieces.
You spent 54 gold pieces at shops.

Inventory:

Hand Weapons
 a - a +1 hand axe of freezing
 u - the +9 hand axe of Hele (weapon) {flame, Str+3}
   (You found it on level 5 of the Dungeon)

   Str:       It affects your strength (+3).
 w - a +2 whip of flaming
 y - a +2 hand axe of electrocution
 z - a +7 spear of venom
Missiles
 G - 2 throwing nets (quivered)
Armour
 b - a +0 animal skin
 g - a +1 ring mail
 v - a +5 ring mail (worn)
 x - a +1 cloak (worn)
 C - a +2 pair of gloves (worn)
Jewellery
 d - a ring of protection from cold (left hand)
 H - an amulet of guardian spirit (around neck)
Wands
 i - a wand of mindburst (12)
 k - a wand of flame (33)
 m - a wand of digging (9)
 q - a wand of charming (7)
 t - a wand of polymorph (4)
 J - a wand of iceblast (5)
Scrolls
 h - a scroll of noise
 n - 5 scrolls of teleportation
 o - a scroll of blinking
 A - 3 scrolls of identify
 B - 2 scrolls of fear
 E - a scroll of fog
 F - 2 scrolls of magic mapping
 I - a scroll of enchant weapon
Potions
 c - 2 potions of heal wounds
 e - 3 potions of ambrosia
 f - 3 potions of cancellation
 j - 2 potions of magic
 p - a potion of attraction
 r - 2 potions of curing
 s - 2 potions of haste
 D - a potion of invisibility


   Skills:
 + Level 10.8 Fighting
 * Level 19.2 Axes
 + Level 10.6 Armour
 - Level 2.1 Dodging


You had 11 spell levels left.
You didn't know any spells.
Your spell library was empty.

Dungeon Overview and Level Annotations

Branches:
Dungeon (9/15)             Temple (1/1) D:7            Lair (3/5) D:9
  Swamp (0/4) Lair:2       Spider (1/4) Lair:3
    Orc: D:9-12

Altars:
Cheibriados
Dithmenos
Elyvilon
Kikubaaqudgha
Makhleb
Nemelex Xobeh
Qazlal
Sif Muna
Trog
Uskayaw
Vehumet
Wu Jian
Xom
Yredelemnul
Zin
The Shining One

Shops:
D:1 =   D:3 =   D:4 *   D:8 :*


Innate Abilities, Weirdness & Mutations

You have a pair of horns on your head.
You reflexively headbutt those who attack you in melee.
You are partially covered in large bone plates. (SH +4)
Your muscles are strong. (Str +4, Int/Dex -1)


Message History

The entropy weaver is moderately wounded.
You hit the wolf spider but do no damage.
You hear a faint skittering sound.
The entropy weaver closely misses you. You furiously retaliate!
You headbutt the entropy weaver! You block the entropy weaver's attack.
The entropy weaver hits you! The entropy weaver barely misses you.
You slash the entropy weaver! You burn the entropy weaver.
Your punch misses the entropy weaver.
The entropy weaver is heavily wounded.
You closely miss the culicivora. You hit the wolf spider.
You burn the wolf spider. The entropy weaver hits you!
The entropy weaver hits you.
The entropy weaver hits you but does no damage.
The entropy weaver hits you.
You closely miss the entropy weaver.
The entropy weaver is heavily wounded.
You hit the culicivora. You burn the culicivora. You slash the wolf spider!
You burn the wolf spider. The culicivora barely misses you.
The wolf spider hits you!! The wolf spider bites you!
You are poisoned.
The wolf spider poisons you!
You feel protected.
You feel extremely sick.
The wolf spider is healed somewhat.
The wolf spider hits you!
* * * LOW HITPOINT WARNING * * *
The wolf spider bites you!
* * * LOW HITPOINT WARNING * * *
The entropy weaver misses you. The entropy weaver hits you.
* * * LOW HITPOINT WARNING * * *
The entropy weaver hits you.
* * * LOW HITPOINT WARNING * * *
The entropy weaver closely misses you. The culicivora closely misses you.
You furiously retaliate!
You headbutt the culicivora, but do no damage.
The wolf spider completely misses you. You furiously retaliate!
You headbutt the wolf spider, but do no damage.
The wolf spider bites you!
* * * LOW HITPOINT WARNING * * *
The entropy weaver hits you!
You die...

..B
...##.
s.#
......
s.#
.....
..##....
.....#
...#
###s##
##ss..#
#@s##.#
#sB###
...
....s
.....
#.....
.......
#......
.......
#......
.......
.......
.......
.......


You could see an entropy weaver, 2 wolf spiders, a culicivora, a jumping spider
and 2 redbacks.

Vanquished Creatures
  2 hydras
  A two-headed ogre (D:8)
  2 bog bodies (Lair:2)
  Pikel (D:7)
  2 lindwurms (Lair:2)
  A wolf spider (Lair:3)
  5 elephants (Lair:2)
  A black mamba (Lair:2)
  A torpor snail (Lair:1)
  Maggie (D:7)
  4 cane toads
  4 komodo dragons
  A jumping spider (Lair:3)
  22 yaks
  A wyvern (D:7)
  2 redbacks (Lair:3)
  2 acid dragons
  7 water moccasins
  3 ice beasts
  2 orc warriors
  A black bear (D:7)
  4 sky beasts
  2 centaurs
  8 wolves (Lair:2)
  2 kobold brigands
  8 bullfrogs
  A scorpion (D:6)
  A gnoll sergeant (D:7)
  A wyvern zombie (D:5)
  A water moccasin zombie (D:5)
  4 wights (D:8)
  10 killer bees
  3 electric eels
  7 howler monkeys
  2 hounds
  2 jellies (D:6)
  A gnoll bouda (D:8)
  Jessica (D:3)
  Ijyb (D:3)
  2 iguanas
  8 orc wizards
  8 gnolls
  8 adders
  3 shadow imps
  A white imp (D:6)
  An ufetubus (D:5)
  A worm (D:3)
  3 dart slugs
  21 orcs
  4 ball pythons
  3 endoplasms
  2 giant cockroaches
  6 goblins
  4 hobgoblins
  9 jackals
  12 kobolds
  3 quokkas
  4 bats
  2 frilled lizards
  3 rats
233 creatures vanquished.

Vanquished Creatures (others)
  An orc wizard (D:8)
  A fungus (Lair:3)
  6 plants
8 creatures vanquished.

Grand Total: 241 creatures vanquished

Notes
Turn   | Place    | Note
-------+----------+-------------------------------------------
     0 | D:1      | liberator the Minotaur Berserker began the quest for the
                  | Orb.
     0 | D:1      | Reached XP level 1. HP: 19/19 MP: 0/0
   197 | D:1      | Found Nuyg's Jewellery Shop.
   225 | D:1      | Reached skill level 4 in Axes
   308 | D:1      | Reached XP level 2. HP: 23/26 MP: 1/1
   772 | D:2      | Reached skill level 5 in Axes
   773 | D:2      | Reached XP level 3. HP: 30/31 MP: 2/2
  1747 | D:3      | Found Weim's Jewellery Emporium.
  1794 | D:3      | Found a white marble altar of Elyvilon.
  1882 | D:3      | Found a faded altar of an unknown god.
  1919 | D:3      | Reached skill level 6 in Axes
  1919 | D:3      | Reached XP level 4. HP: 20/39 MP: 3/3
  2033 | D:3      | Reached ** piety under Trog
  2555 | D:3      | Noticed Jessica
  2563 | D:3      | Killed Jessica
  2580 | D:3      | Noticed Ijyb
  2587 | D:3      | Killed Ijyb
  2588 | D:3      | Reached skill level 7 in Axes
  2588 | D:3      | Reached XP level 5. HP: 38/45 MP: 4/4
  3179 | D:4      | Found a shimmering altar of Xom.
  3216 | D:4      | Found an ancient bone altar of Kikubaaqudgha.
  3401 | D:4      | Found Mafaqess's Serpentskin Sales.
  3401 | D:4      | Noticed a water moccasin
  3410 | D:4      | Killed a water moccasin
  3411 | D:4      | Reached skill level 8 in Axes
  3411 | D:4      | Reached XP level 6. HP: 51/51 MP: 5/5
  3586 | D:5      | Entered Level 5 of the Dungeon
  3595 | D:5      | Found a burning altar of Makhleb.
  3605 | D:5      | Found a glowing golden altar of the Shining One.
  3675 | D:5      | Noticed an ice beast
  3713 | D:5      | Killed an ice beast
  3714 | D:5      | Reached skill level 9 in Axes
  3860 | D:5      | Noticed an ice beast
  3868 | D:5      | Killed an ice beast
  3869 | D:5      | Reached XP level 7. HP: 57/57 MP: 6/6
  4241 | D:5      | Identified the +9 hand axe of Hele {flame, Str+3}
  4314 | D:5      | Reached skill level 10 in Axes
  4320 | D:5      | Found a basalt altar of Yredelemnul.
  4555 | D:5      | Found a sparkling altar of Nemelex Xobeh.
  4941 | D:6      | Reached skill level 11 in Axes
  5113 | D:6      | Reached XP level 8. HP: 67/67 MP: 7/7
  5138 | D:6      | Gained mutation: You are dopey. (Int -2) [potion of
                  | mutation]
  5138 | D:6      | Gained mutation: You have sharp fingernails. [potion of
                  | mutation]
  5138 | D:6      | Gained mutation: You are somewhat resistant to further
                  | mutation. [potion of mutation]
  5158 | D:6      | Reached skill level 5 in Fighting
  5519 | D:7      | Reached skill level 12 in Axes
  5537 | D:7      | Found a staircase to the Ecumenical Temple.
  5558 | D:7      | Lost mutation: You are dopey. (Int -2) [potion of mutation]
  5558 | D:7      | Lost mutation: You have sharp fingernails. [potion of
                  | mutation]
  5558 | D:7      | Lost mutation: You are somewhat resistant to further
                  | mutation. [potion of mutation]
  5558 | D:7      | Gained mutation: Your magical capacity is low. (-10% MP)
                  | [potion of mutation]
  5558 | D:7      | Lost mutation: Your magical capacity is low. (-10% MP)
                  | [potion of mutation]
  5558 | D:7      | Gained mutation: You do not regenerate when monsters are
                  | visible. [potion of mutation]
  5558 | D:7      | Gained mutation: You have supernaturally acute eyesight.
                  | (SInv) [potion of mutation]
  5697 | D:7      | Noticed Maggie
  5712 | D:7      | Killed Maggie
  5713 | D:7      | Reached skill level 13 in Axes
  5713 | D:7      | Reached skill level 5 in Armour
  5713 | D:7      | Reached XP level 9. HP: 28/74 MP: 8/8
  6000 | D:7      | Noticed Pikel
  6007 | D:7      | Killed Pikel
  6008 | D:7      | Reached skill level 14 in Axes
  6322 | D:7      | Lost mutation: You do not regenerate when monsters are
                  | visible. [potion of mutation]
  6322 | D:7      | Lost mutation: You have supernaturally acute eyesight.
                  | (SInv) [potion of mutation]
  6322 | D:7      | Gained mutation: You are clumsy. (Dex -2) [potion of
                  | mutation]
  6922 | Temple   | Entered the Ecumenical Temple
  7058 | D:8      | Found a hide-covered altar of Uskayaw.
  7159 | D:8      | Found Vakoragg's General Store.
  7162 | D:8      | Found Zoul's Specific Store.
  7213 | D:8      | Bought a scroll of identify for 28 gold pieces
  7218 | D:8      | Bought a scroll of identify for 26 gold pieces
  7239 | D:8      | Reached skill level 15 in Axes
  7350 | D:8      | Noticed a five-headed hydra
  7359 | D:8      | Killed a one-headed hydra
  7364 | D:8      | Reached XP level 10. HP: 83/83 MP: 9/9
  7402 | D:8      | Noticed a two-headed ogre
  7413 | D:8      | Killed a two-headed ogre
  7444 | D:8      | Found an ornate altar of the Wu Jian Council.
  7453 | D:8      | Reached *** piety under Trog
  7454 | D:8      | Reached skill level 16 in Axes
  7876 | D:8      | Found Tiysa's Tremendous Tomes.
  8311 | D:9      | Reached skill level 17 in Axes
  8350 | D:9      | Found a staircase to the Lair.
  8388 | D:9      | Reached XP level 11. HP: 92/94 MP: 10/10
  8503 | D:9      | Found a stormy altar of Qazlal.
  8542 | D:9      | Found a radiant altar of Vehumet.
  8850 | D:9      | Lost mutation: You are clumsy. (Dex -2) [potion of
                  | mutation]
  8850 | D:9      | Gained mutation: Your muscles are strong. (Str +4, Int/Dex
                  | -1) [potion of mutation]
  8850 | D:9      | Gained mutation: You are partially covered in large bone
                  | plates. (SH +4) [potion of mutation]
  8855 | Lair:1   | Entered Level 1 of the Lair of Beasts
  9927 | Lair:2   | Noticed a five-headed hydra
  9931 | Lair:2   | Killed a three-headed hydra
 10214 | Lair:2   | Reached skill level 18 in Axes
 10385 | Lair:2   | Noticed a bog body
 10386 | Lair:2   | Noticed a bog body
 10397 | Lair:2   | Killed a bog body
 10399 | Lair:2   | Killed a bog body
 10440 | Lair:2   | Found a staircase to the Swamp.
 10475 | Lair:2   | Reached skill level 10 in Fighting
 10761 | Lair:2   | Noticed a lindwurm
 10767 | Lair:2   | Killed a lindwurm
 10768 | Lair:2   | Reached skill level 10 in Armour
 10797 | Lair:2   | Noticed a lindwurm
 10802 | Lair:2   | Killed a lindwurm
 11118 | Lair:2   | Reached XP level 12. HP: 106/106 MP: 11/11
 11397 | Lair:3   | Reached skill level 19 in Axes
 11401 | Lair:3   | Reached **** piety under Trog
 11777 | Lair:3   | Found a hole to the Spider Nest.
 11916 | Spider:1 | Entered Level 1 of the Spider Nest
 12002 | Spider:1 | Noticed an entropy weaver
 12025 | Spider:1 | HP: 5/108 [wolf spider (7)]
 12025 | Spider:1 | Mangled by an entropy weaver

Illustrated notes

Levels and vault maps discovered:
D:1:      minmay_arrival_three_doors, layout_basic, serial_shops, shop
D:2:      layout_basic, serial_co_window_serial, co_window_paths_b,
          co_window_corner_a, co_window_paths_a, co_window_corner_a,
          co_window_corner_a, co_window_of_opportunity_a, co_window_paths_a,
          co_window_paths_a, co_window_corner_a, co_window_corner_ca,
          co_window_corner_b, co_window_broadway_b, co_window_paths_c,
          co_window_corner_cb, co_window_unsneaky_path_a, co_window_cross_2,
          glass_columns_a, glass_columns_a, glass_columns_a,
          hangedman_abyss_or_decor_stabs
D:3:      cheibrodos_helix_gallery, layout_rooms,
          nicolae_elyvilon_peaceful_grove, serial_co_window_serial,
          co_window_paths_a, co_window_of_opportunity_a, co_window_corner_a,
          co_window_corner_a, co_window_paths_a, co_window_corner_cb,
          co_window_corner_cb, co_window_unsneaky_path_e, co_window_corner_b,
          co_window_sun, co_window_4corner_b, glass_columns_c, glass_columns_c,
          glass_columns_a, glass_columns_a, ebering_ecumenical_altar_webs,
          serial_shops, shop, uniq_jessica, uniq_ijyb
D:4:      layout_gridville, mainiacjoe_overflow_six_doors_small,
          nicolae_kikubaaqudgha_miasma_corner, guppyfry_shop_venom
D:5:      layout_basic, nicolae_overflow_hidden_temple,
          nemelex_diamond_rough_becter, lemuel_zombie_altar_yredelemnul,
          mainiacjoe_overflow_24_doors, st_stairs_13, hangedman_decor_points
D:6:      layout_rooms
D:7:      layout_loops_ring, minmay_temple_entry_stoned_glass,
          minmay_misc_feat_doors, st_stairs_8, uniq_pikel, uniq_maggie
D:8:      layout_basic, nicolae_uskayaw_dance_hall,
          nicolae_wu_jian_wuxing_cycle, serial_bayou_pond_b,
          nicolae_shop_i_like_big_books, nicolae_specific_store,
          minmay_manual_monstrance
D:9:      nicolae_cairo_tiling_very_big, layout_gridville,
          nicolae_qazlal_scattered_showers, general_overflow_altar
Temple:   bh_familiar_temple
Lair:1:   layout_roguey
Lair:2:   layout_cave_pods, skrybe_swamp_entry_bodies,
          chequers_serial_rivers_micro_c, amcnicky_mini_pool_medium
Lair:3:   layout_long_grid, spider_nest_entry_funnel_web,
          gauntlet_entry_generic, serial_bayou_shore_b, serial_bayou_shore_a
Spider:1: layout_chambers, beargit_elvish_explorers

Skill      XL: |  1  2  3  4  5  6  7  8  9 10 11 12 |
---------------+-------------------------------------+-----
Axes           | 4 5 6 7 8 9 11 13 15 17 18 19 | 19.2
Fighting       | 4 5 6 8 10 | 10.8
Armour         | 5 6 8 10 | 10.6
Dodging        | |  2.1

Action                     |  1- 3 |  4- 6 |  7- 9 | 10-12 || total
---------------------------+-------+-------+-------+-------++-------
  Melee: Hand axe          |    72 |    77 |   152 |   225 ||   526
         Headbutt          |     7 |     9 |    21 |    56 ||    93
         Punch             |       |       |     1 |     1 ||     2
 Invoke: Berserk           |       |     5 |     7 |     3 ||    15
         Trog's Hand       |       |     1 |       |     1 ||     2
    Use: Scroll            |     5 |       |    14 |     8 ||    27
         Potion            |       |       |     3 |     8 ||    11
 Armour: Animal skin       |     6 |       |       |       ||     6
         Ring mail         |    20 |    32 |    55 |   120 ||   227
  Dodge: Dodged            |    50 |    66 |    68 |   118 ||   302
  Block: Other             |       |       |       |    24 ||    24
